 Dungeon Crawl Stone Soup version 0.23.2-1-ga50397a (webtiles) character file.

Game seed: 1734845020728129209

7259 mopl the Grappler (level 10, -11/85 HPs)
             Began as a Minotaur Transmuter on May 11, 2019.
             Was a Priest of Cheibriados.
             Mangled by a four-headed hydra (15 damage)
             ... on level 11 of the Dungeon.
             The game lasted 00:22:08 (10968 turns).

mopl the Grappler (Minotaur Transmuter)            Turns: 10968, Time: 00:22:09

Health: -11/85     AC:  9    Str: 24    XL:     10   Next: 88%
Magic:  2/13       EV: 15    Int: 21    God:    Cheibriados [***...]
Gold:   658        SH:  0    Dex: 18    Spells: 3/13 levels left

rFire    x . .     SeeInvis .     - Unarmed
rCold    + + +     Gourm    .   (shield currently unavailable)
rNeg     . . .     Faith    .   (armour currently unavailable)
rPois    +         Spirit   .   (helmet currently unavailable)
rElec    .         Reflect  .   (cloak currently unavailable)
rCorr    .         Harm     .   (gloves currently unavailable)
MR       +....                  (boots currently unavailable)
Stlth    ++........             (no amulet)
HPRegen  0.24/turn              E - ring of protection from magic
MPRegen  0.13/turn              v - +3 ring of protection

@: ice-form, very slightly contaminated, very slow
A: large, (retaliatory headbutt)
a: End Transformation, Bend Time, Temporal Distortion, Renounce Religion


You were on level 11 of the Dungeon.
You worshipped Cheibriados.
Cheibriados was most pleased with you.
You were near starving.
You were a creature of crystalline ice.
You visited 2 branches of the dungeon, and saw 12 of its levels.
You also visited: Ossuary.

You collected 658 gold pieces.

Inventory:

Missiles
 a - 203 arrows
 e - 422 stones (quivered)
 j - 9 tomahawks
 G - 71 sling bullets
Armour
 i - a +4 ring mail of fire resistance
 n - a +0 pair of boots (melded)
 t - a +2 buckler
 C - the +2 helmet "Zyqeest" {rPois Dex+4, unknown}
   (You found it on level 6 of the Dungeon)

   It affects your dexterity (+4).
   It protects you from poison.
 M - a cursed +0 robe (melded)
 P - a +0 cloak (melded)
Jewellery
 v - a +3 ring of protection (right front paw)
 E - a ring of protection from magic (left front paw)
 H - an uncursed ring of poison resistance
 O - an uncursed ring of ice
Wands
 L - a wand of acid (6)
Scrolls
 c - a scroll of noise {unknown}
 f - a scroll of enchant weapon {unknown}
 g - 3 scrolls of amnesia {unknown}
 h - 2 scrolls of magic mapping {unknown}
 k - 6 scrolls of teleportation
 m - 2 scrolls of fog {unknown}
 r - 5 scrolls of remove curse
 s - a scroll of fear {unknown}
 w - a scroll of silence {unknown}
 x - 2 scrolls of enchant armour {unknown}
 y - a scroll of random uselessness {unknown}
 z - 2 scrolls of blinking {unknown}
 A - a scroll of immolation {unknown}
 B - a scroll of vulnerability {unknown}
 J - a scroll of summoning {unknown}
 K - a scroll of holy word {unknown}
Potions
 b - a potion of might {unknown}
 l - 4 potions of agility
 o - 2 potions of magic
 p - a potion of heal wounds
 q - a potion of lignification {!q}
 u - 4 potions of curing
 D - 2 potions of brilliance
 F - 5 potions of mutation {!q}
 I - 2 potions of flight
 Q - 2 potions of cancellation
Comestibles
 d - 21 rations


   Skills:
 - Level 1.2 Fighting
 + Level 7.9 Dodging
 * Level 11.7 Unarmed Combat
 - Level 2.4 Spellcasting
 + Level 6.8 Transmutations
 - Level 2.0 Ice Magic
 - Level 1.0 Poison Magic
 * Level 6.3 Invocations


You had 3 spell levels left.
You knew the following spells:

 Your Spells              Type           Power        Failure   Level  Hunger
a - Beastly Appendage     Tmut           ####..       1%          1    None
b - Spider Form           Tmut/Pois      ###.......   9%          3    ###....
d - Ice Form              Ice/Tmut       ###.....     22%         4    ####...
w - Sticks to Snakes      Tmut           ####....     1%          2    ##.....

Your spell library contained the following spells:

 Spells                   Type           Power        Failure   Level  Hunger
 Passwall                 Tmut/Erth      ###.....     5%          2    ##.....
 Sandblast                Erth           #.....       14%         1    None
 Stone Arrow              Conj/Erth      #.....       38%         3    ###....
 Blade Hands              Tmut           ####......   24%         5    ######.
 Petrify                  Tmut/Erth      ###.....     34%         4    ####...
 Lee's Rapid Deconstruct  Erth           #.........   98%         5    ######.


Dungeon Overview and Level Annotations

Branches:
Dungeon (11/15)            Temple (1/1) D:7             Orc (0/2) D:10
   Lair: D:8-11

Altars:
Ashenzari
Cheibriados
Dithmenos
Elyvilon
Fedhas
Gozag
Hepliaklqana
Kikubaaqudgha
Makhleb
Nemelex Xobeh
Okawaru
Qazlal
Ru
Sif Muna
Trog
Uskayaw
Vehumet
Wu Jian
Xom
Yredelemnul
Zin
The Shining One

Shops:
D:9 :

Portals:
Ice
Cave: D:11


Innate Abilities, Weirdness & Mutations

((You reflexively headbutt those who attack you in melee.))
((You have a pair of horns on your head.))


Message History

The four-headed hydra is heavily wounded.
The four-headed hydra barely misses you.
The four-headed hydra bites you but does no damage.
The four-headed hydra bites you.
The four-headed hydra barely misses you.
Unknown command.
You completely miss the four-headed hydra.
The four-headed hydra is heavily wounded.
The four-headed hydra bites you!
* * * LOW HITPOINT WARNING * * *
The four-headed hydra closely misses you.
The four-headed hydra misses you. The four-headed hydra bites you!
* * * LOW HITPOINT WARNING * * *
Okay, then.
Unknown command.
The four-headed hydra is no longer moving slowly.
You hit the four-headed hydra. You freeze the four-headed hydra.
The four-headed hydra is heavily wounded.
The four-headed hydra bites you!
You die...

#..##
##)<.
##'#######
#...
#........#
#...
#........#
#...
#........#
#...
+........+
#...
#........#
#...
###......#
....
#.Y.)..#
##...
###.D....#
####
#.''######
∩......#.#
....##.+.#
... ###..
# #...
#....
......


You could see a four-headed hydra.

Vanquished Creatures
  A gargoyle (D:11)
  An ice devil (D:11)
  A hippogriff (D:9)
  A wraith (D:10)
  4 hogs (D:7)
  A human (D:7)
  A hungry ghost (D:7)
  Duvessa (D:7)
  A swamp drake (D:10)
  An ice beast (D:9)
  4 orc warriors
  6 sky beasts
  A black bear (D:7)
  An eye of draining (D:10)
  A necrophage (D:10)
  A phantom (D:4)
  4 ogres
  4 centaurs
  A crocodile (D:11)
  3 big kobolds
  9 bullfrogs
  A water moccasin zombie (D:7)
  Dowan (D:7)
  9 scorpions
  A centaur zombie (Ossuary)
  5 crimson imps
  3 jellies
  A human zombie (Ossuary)
  2 bullfrog zombies
  2 hounds
  10 orc priests
  2 centaur skeletons
  13 orc wizards
  Terence (D:2)
  4 iguanas
  3 worker ants
  2 big kobold zombies (Ossuary)
  A hound zombie (D:6)
  A hound skeleton (D:10)
  3 mummies (Ossuary)
  2 howler monkey zombies
  Robin (D:2)
  3 scorpion zombies (Ossuary)
  11 adders
  2 shadow imps
  An ooze (D:2)
  3 adder zombies
  3 adder skeletons
  4 dart slugs
  3 leopard geckos
  57 orcs
  5 giant cockroaches
  14 goblins
  9 hobgoblins
  3 quokkas
  3 ball pythons
  4 bats
  2 gnoll zombies (Ossuary)
  3 goblin zombies (Ossuary)
  A hobgoblin zombie (Ossuary)
  20 kobolds
  A kobold zombie (Ossuary)
  3 orc zombies (Ossuary)
  A quokka zombie (D:6)
  4 rats
  A rat zombie (D:6)
277 creatures vanquished.

Vanquished Creatures (collateral kills)
  Sigmund (D:2)
1 creature vanquished.

Vanquished Creatures (others)
  A scorpion (Ossuary)
  An orc wizard (D:3)
2 creatures vanquished.

Grand Total: 280 creatures vanquished

Notes
Turn   | Place    | Note
-------+----------+-------------------------------------------
     0 | D:1      | mopl the Minotaur Transmuter began the quest for the Orb.
     0 | D:1      | Reached XP level 1. HP: 16/16 MP: 1/1
   149 | D:1      | Reached XP level 2. HP: 14/23 MP: 3/3
   164 | D:1      | Learned a level 2 spell: Sticks to Snakes
   801 | D:2      | Noticed Terence
   801 | D:2      | Noticed Sigmund
   807 | D:2      | Killed Sigmund
   807 | D:2      | Reached skill level 4 in Unarmed Combat
   807 | D:2      | Reached skill level 2 in Spellcasting
   807 | D:2      | Reached skill level 2 in Transmutations
   807 | D:2      | Reached XP level 3. HP: 23/28 MP: 0/5
   807 | D:2      | Reached XP level 4. HP: 28/35 MP: 0/6
   807 | D:2      | Reached XP level 5. HP: 32/40 MP: 0/7
   814 | D:2      | Killed Terence
   814 | D:2      | Reached skill level 3 in Transmutations
   831 | D:2      | Learned a level 3 spell: Spider Form
  1022 | D:2      | Noticed Robin
  1050 | D:2      | Killed Robin
  1500 | D:2      | Reached skill level 5 in Unarmed Combat
  1563 | D:3      | Found a glowing golden altar of the Shining One.
  2040 | D:3      | Reached XP level 6. HP: 44/47 MP: 3/8
  2045 | D:3      | Reached skill level 1 in Poison Magic
  2282 | D:3      | Found a glowing golden altar of the Shining One.
  2750 | D:4      | Reached skill level 6 in Unarmed Combat
  2750 | D:4      | Reached XP level 7. HP: 39/52 MP: 6/9
  2829 | D:4      | Reached skill level 3 in Dodging
  2964 | D:4      | You fall through a shaft for 2 floors!
  3010 | D:6      | Reached skill level 4 in Transmutations
  3297 | D:6      | Reached skill level 7 in Unarmed Combat
  3341 | D:6      | Found a sand-covered staircase.
  3355 | Ossuary  | Entered an ossuary
  3382 | Ossuary  | Reached skill level 4 in Dodging
  3473 | Ossuary  | Reached XP level 8. HP: 45/59 MP: 7/10
  4061 | Ossuary  | Reached skill level 8 in Unarmed Combat
  4826 | D:6      | Got a scorched helmet
  4841 | D:5      | Entered Level 5 of the Dungeon
  4841 | D:5      | Found a radiant altar of Vehumet.
  4845 | D:5      | Reached skill level 5 in Dodging
  4845 | D:5      | Reached skill level 5 in Transmutations
  4986 | D:6      | Found a sparkling altar of Nemelex Xobeh.
  5988 | D:5      | Found a deep blue altar of Sif Muna.
  6043 | D:5      | Reached skill level 9 in Unarmed Combat
  6429 | D:4      | Reached XP level 9. HP: 64/64 MP: 11/11
  6699 | D:5      | Found a burning altar of Makhleb.
  6699 | D:5      | Noticed an Executioner
  6702 | D:5      | Noticed a hellwing
  6702 | D:5      | Noticed an orange demon
  6926 | D:7      | Found a white marble altar of Elyvilon.
  6961 | D:7      | Reached skill level 6 in Dodging
  7014 | D:7      | Found a staircase to the Ecumenical Temple.
  7021 | Temple   | Entered the Ecumenical Temple
  7229 | Temple   | Became a worshipper of Cheibriados the Contemplative
  7387 | D:7      | Learned a level 4 spell: Ice Form
  7516 | D:7      | Reached skill level 1 in Invocations
  7568 | D:7      | Noticed Dowan
  7569 | D:7      | Noticed Duvessa
  7589 | D:7      | Killed Duvessa
  7590 | D:7      | Killed Dowan
  7651 | D:7      | Reached skill level 2 in Invocations
  7705 | D:7      | Reached skill level 10 in Unarmed Combat
  7759 | D:7      | Reached skill level 1 in Ice Magic
  7768 | D:7      | Reached * piety under Cheibriados
  8105 | D:7      | Reached skill level 3 in Invocations
  8107 | D:7      | Reached skill level 6 in Transmutations
  8396 | D:8      | Reached XP level 10. HP: 71/71 MP: 12/12
  8435 | D:8      | Reached skill level 4 in Invocations
  8746 | D:8      | Reached skill level 2 in Ice Magic
  8751 | D:8      | Reached ** piety under Cheibriados
  8851 | D:8      | Reached skill level 7 in Dodging
  9133 | D:9      | Found a shadowy altar of Dithmenos.
  9242 | D:9      | Found Jyklan's Book Boutique.
  9276 | D:9      | Reached *** piety under Cheibriados
  9413 | D:9      | Reached skill level 11 in Unarmed Combat
  9774 | D:10     | Entered Level 10 of the Dungeon
  9788 | D:10     | Reached skill level 5 in Invocations
 10138 | D:10     | Reached **** piety under Cheibriados
 10235 | D:10     | Found a staircase to the Orcish Mines.
 10863 | D:11     | Noticed a gargoyle
 10874 | D:11     | Reached skill level 6 in Invocations
 10875 | D:11     | Killed a gargoyle
 10955 | D:11     | Found a frozen archway.
 10955 | D:11     | Noticed a four-headed hydra
 10965 | D:11     | HP: 3/85 [four-headed hydra (10)]
 10968 | D:11     | Mangled by a four-headed hydra

Skill      XL: |  1  2  3  4  5  6  7  8  9 10 |
---------------+-------------------------------+-----
Unarmed Combat | 4 5 6 7 9 10 11 | 11.7
Spellcasting   | 2 |  2.4
Transmutations | 2 3 4 5 6 |  6.8
Poison Magic   | 1 |  1.0
Dodging        | 4 5 6 7 |  7.9
Invocations    | 3 6 |  6.3
Ice Magic      | 1 2 |  2.0
Fighting       | |  1.2

Action                   |  1- 3 |  4- 6 |  7- 9 | 10-12 || total
-------------------------+-------+-------+-------+-------++-------
Melee: Unarmed           |    38 |   156 |   440 |   229 ||   863
       Headbutt          |     6 |    10 |    40 |    14 ||    70
       Punch             |     1 |     1 |     7 |     8 ||    17
       Kick              |       |     3 |       |       ||     3
 Cast: Beastly Appendage |     3 |     1 |       |       ||     4
       Sticks to Snakes  |     1 |       |       |       ||     1
       Spider Form       |       |     8 |    18 |     9 ||    35
       Ice Form          |       |       |       |     6 ||     6
Invok: Slouch            |       |       |       |     2 ||     2
 Abil: End Transformatio |       |       |       |     2 ||     2
  Use: Scroll            |       |       |     7 |     4 ||    11
       Potion            |       |       |     5 |       ||     5
 Stab: Sleeping          |     1 |       |     1 |     1 ||     3
       Distracted        |       |     1 |       |       ||     1
       Confused          |       |       |       |     1 ||     1
  Eat: Chunk             |       |     7 |    19 |     6 ||    32
       Ration            |       |       |     1 |       ||     1
Armor: Robe              |     1 |     8 |    26 |    11 ||    46
       Skin              |       |     1 |     3 |    26 ||    30
Dodge: Dodged            |    17 |    80 |   250 |   185 ||   532
